 Dungeon Crawl Stone Soup version 0.28-a0-919-g0b5b508569 (webtiles) character file.

Game seed: 5548195196522291773

77 croobank the Chopper (level 4, -1/41 HPs)
             Began as a Gnoll Cinder Acolyte on Nov 25, 2021.
             Was a High Priest of Ignis.
             Slain by an adder (3 damage)
             ... on level 2 of the Dungeon.
             The game lasted 00:09:28 (2601 turns).

croobank the Chopper (Gnoll Cinder Acolyte)         Turns: 2601, Time: 00:09:28

Health: -1/41      AC:  2    Str: 13    XL:     4   Next: 34%
Magic:  8/8        EV: 11    Int: 14    God:    Ignis [*****.]
Gold:   88         SH:  0    Dex:  8    Spells: 9/9 levels left

rFire   + . .      SeeInvis .   n - +0 hand axe
rCold   . . .      Faith    .   (no shield)
rNeg    . . .      Spirit   .   b - +0 robe
rPois   .          Reflect  .   (no helmet)
rElec   .          Harm     .   (no cloak)
rCorr   .          Rampage  .   (no gloves)
Will    +....                   (no boots)
Stlth   +.........              (no amulet)
HPRegen 0.13/turn               h - ring of willpower
MPRegen 0.11/turn               (no ring)

@: lethally poisoned (-1 -> -4)
A: fangs 1, strong nose, distributed training
a: Renounce Religion, Fiery Armour, Foxfire Swarm, Rising Flame


You were on level 2 of the Dungeon.
You worshipped Ignis.
Ignis was extremely pleased with you.
You visited 1 branch of the dungeon, and saw 3 of its levels.

You collected 88 gold pieces.

Inventory:

Hand Weapons
 a - a -1 hand axe of flaming
 c - a +0 dagger
 d - a +0 spear
 i - a +0 short sword
 n - a +0 hand axe (weapon)
Missiles
 e - 113 stones
 k - 3 curare-tipped darts (quivered)
 o - 12 poisoned darts
Armour
 b - a +0 robe (worn)
 f - a +0 chain mail
 j - a +0 ring mail
 m - a +0 scale mail
Jewellery
 h - a ring of willpower (left hand)
Wands
 g - a wand of charming (8)
 l - a wand of polymorph (5)
Potions
 q - a potion of brilliance {unknown}


   Skills:
 + Level 6.6 Fighting
 + Level 1.1 Short Blades
 + Level 1.1 Long Blades
 + Level 6.6 Axes
 + Level 1.1 Maces & Flails
 + Level 1.1 Polearms
 + Level 1.1 Staves
 + Level 1.1 Slings
 + Level 1.1 Bows
 + Level 1.1 Crossbows
 + Level 1.1 Throwing
 + Level 1.1 Armour
 + Level 1.1 Dodging
 + Level 1.1 Stealth
 + Level 1.1 Shields
 + Level 1.1 Unarmed Combat
 + Level 3.0 Spellcasting
 + Level 0.8 Conjurations
 + Level 0.8 Hexes
 + Level 0.8 Summonings
 + Level 0.8 Necromancy
 + Level 0.8 Translocations
 + Level 0.8 Transmutations
 + Level 5.4 Fire Magic
 + Level 0.8 Ice Magic
 + Level 0.8 Air Magic
 + Level 0.8 Earth Magic
 + Level 0.8 Poison Magic
 + Level 1.2 Invocations
 + Level 1.1 Evocations


You had 9 spell levels left.
You didn't know any spells.
Your spell library contained the following spells:

 Spells                   Type           Power      Damage    Failure   Level
 Scorch                   Fire           34%        2d7       3%          2


Dungeon Overview and Level Annotations

Branches:
Dungeon (3/15)

Altars:
Dithmenos

Shops:
D:1 (


Innate Abilities, Weirdness & Mutations

You have very sharp teeth.
Your uncanny sense of smell can sniff out nearby items.
Your experience applies equally to all skills.


Message History

The adder poisons you!
You barely miss the adder.
The adder is heavily wounded.
You feel sick. The adder barely misses you. The adder bites you.
You are more poisoned.
The adder poisons you!
You feel sick.
You feel sick.
You feel sick.
You feel sick. The adder closely misses you.
You feel sick.
You feel sick.
There is a stone staircase leading up here.
You feel sick.
You are no longer poisoned.
The adder misses you. The adder barely misses you.
You climb upwards.
There is a stone staircase leading down here.
You hit the adder.
The adder is heavily wounded.
The adder barely misses you.
You barely miss the adder.
The adder is heavily wounded.
The adder bites you.
* * * LOW HITPOINT WARNING * * *
You hit the adder.
The adder is almost dead.
The adder bites you.
* * * LOW HITPOINT WARNING * * *
You hit the adder but do no damage. Your bite misses the adder.
The adder is almost dead.
The adder closely misses you. The adder bites you.
* * * LOW HITPOINT WARNING * * *
You are lethally poisoned!
The adder poisons you!
You closely miss the adder.
The adder is severely wounded.
* * * LOW HITPOINT WARNING * * *
You feel sick. The adder bites you.
You die...

.....###.##†.# #.......
####.....###<# ####<###
##########...### #...# ...###
#.#...# #.###
##...#####.#.#.####### #.#####
###.................#
###.##...
#..........######.####...#....
##.........#####.......##.....
#..........#@S...#######.....
##
##.......#...###.............
.########..#.....#
########......
....######.......## #..#
#......
.......##.........####.##
###....
...###.......#..^.##...#
##....
.............#.........#
#.....
..####...............###
#..... ....######.###.##.....#
#.....


You could see an adder.

Vanquished Creatures
  An adder (D:2)
  2 worms
  3 dart slugs (D:2)
  3 bats
  7 endoplasms
  A giant cockroach (D:1)
  6 goblins
  5 hobgoblins
  8 jackals
  3 quokkas
  A ball python (D:3)
  2 frilled lizards (D:2)
  5 kobolds
  5 rats
52 creatures vanquished.

Notes
Turn   | Place    | Note
-------+----------+-------------------------------------------
     0 | D:1      | croobank the Gnoll Cinder Acolyte began the quest for the
                  | Orb.
     0 | D:1      | Reached XP level 1. HP: 23/23 MP: 4/4
   170 | D:1      | Reached XP level 2. HP: 17/29 MP: 5/5
   319 | D:1      | Found Guwna's Weapon Shoppe.
   871 | D:1      | Reached XP level 3. HP: 8/35 MP: 7/7
  1562 | D:2      | Reached skill level 1 in Invocations
  1628 | D:2      | Reached skill level 1 in Short Blades
  1628 | D:2      | Reached skill level 1 in Long Blades
  1628 | D:2      | Reached skill level 1 in Maces & Flails
  1628 | D:2      | Reached skill level 1 in Polearms
  1628 | D:2      | Reached skill level 1 in Staves
  1628 | D:2      | Reached skill level 1 in Slings
  1628 | D:2      | Reached skill level 1 in Bows
  1628 | D:2      | Reached skill level 1 in Crossbows
  1628 | D:2      | Reached skill level 1 in Throwing
  1628 | D:2      | Reached skill level 1 in Armour
  1628 | D:2      | Reached skill level 1 in Dodging
  1628 | D:2      | Reached skill level 1 in Stealth
  1628 | D:2      | Reached skill level 1 in Shields
  1628 | D:2      | Reached skill level 1 in Unarmed Combat
  1628 | D:2      | Reached skill level 1 in Evocations
  2055 | D:2      | Reached XP level 4. HP: 41/41 MP: 8/8
  2196 | D:2      | Found a shadowy altar of Dithmenos.
  2601 | D:2      | HP: 2/41 [poisoned by an adder]
  2601 | D:2      | Slain by an adder

Illustrated notes

Levels and vault maps discovered:
D:1:      scummos_arrival_checkerplants, layout_rooms, serial_shops,
          nicolae_square_shop
D:2:      layout_rooms, basic_altar, minmay_heptomino_o4
D:3:      layout_loops_ring

Skill      XL: |  1  2  3  4 |
---------------+-------------+-----
Invocations    | 1 |  1.2
Short Blades   | 1 |  1.1
Long Blades    | 1 |  1.1
Maces & Flails | 1 |  1.1
Polearms       | 1 |  1.1
Staves         | 1 |  1.1
Slings         | 1 |  1.1
Bows           | 1 |  1.1
Crossbows      | 1 |  1.1
Throwing       | 1 |  1.1
Armour         | 1 |  1.1
Dodging        | 1 |  1.1
Stealth        | 1 |  1.1
Shields        | 1 |  1.1
Unarmed Combat | 1 |  1.1
Evocations     | 1 |  1.1
Spellcasting   | 3 |  3.0
Fighting       | |  6.6
Axes           | |  6.6
Conjurations   | |  0.8
Hexes          | |  0.8
Summonings     | |  0.8
Necromancy     | |  0.8
Translocations | |  0.8
Transmutations | |  0.8
Fire Magic     | |  5.4
Ice Magic      | |  0.8
Air Magic      | |  0.8
Earth Magic    | |  0.8
Poison Magic   | |  0.8

Action                   |  1- 3 |  4- 6 || total
-------------------------+-------+-------++-------
Melee: Hand axe          |   135 |    36 ||   171
       Bite              |     5 |       ||     5
       Punch             |     1 |       ||     1
Throw: Dart              |       |     2 ||     2
  Use: Potion            |     1 |       ||     1
       Scroll            |       |     1 ||     1
 Stab: Sleeping          |       |     1 ||     1
Armor: Robe              |    27 |     3 ||    30
       Skin              |     2 |       ||     2
Dodge: Dodged            |    64 |    25 ||    89

Table legend: (Time is in decaauts)
 A = Elapsed time spent in this place.
 B = Non-inter-level travel time spent in this place.
 C = Inter-level travel time spent in this place.
 D = Time resting spent in this place.
 E = Time spent auto-exploring this place.
 F = Levels seen in this place.
 G = Mean time per level.
                   A        B        C        D        E       F      G
               +--------+--------+--------+--------+--------+-----+--------+
         Total |   2594 |   2515 |     79 |   1100 |    918 |   3 |  864.7 |
       Dungeon |   2594 |   2515 |     79 |   1100 |    918 |   3 |  864.7 |
               +--------+--------+--------+--------+--------+-----+--------+

Top non-repeatable levels by time:
     D:1: 1377 daAuts
     D:2: 850 daAuts
     D:3: 367 daAuts
